 Dungeon Crawl Stone Soup version 0.30-a0-165-g1891117ce2 (webtiles) character file.

Game seed: 14735835563452791400

16 qw the Shield-Bearer (level 2, 0/19 HPs)
             Began as a Gargoyle Fighter on Sept 28, 2022.
             Slain by a kobold
             ... wielding a +0 short sword
              (2 damage)
             ... on level 1 of the Dungeon.
             The game lasted 00:00:11 (655 turns).

qw the Shield-Bearer (Gargoyle Fighter)              Turns: 655, Time: 00:00:12

Health: 0/19       AC:  9    Str: 19    XL:     2   Next: 54%
Magic:  2/2        EV:  9    Int:  8    God:
Gold:   28         SH:  4    Dex:  9    Spells: 1/1 levels left

rFire   . . .      SeeInvis .    a - +0 war axe
rCold   . . .      Faith    .    c - +0 buckler
rNeg    + . .      Spirit   .    b - +0 scale mail
rPois   inf        Reflect  .    (no helmet)
rElec   +          Harm     .    (no cloak)
rCorr   .          Rampage  .    (no gloves)
Will    .....                    (no boots)
Stlth   ..........               (no amulet)
HPRegen 0.06/turn                (no ring)
MPRegen 0.08/turn                (no ring)

@: no status effects
A: sickness immunity, AC +2, negative energy resistance 1, electricity
resistance, torment resistance 1, petrification resistance
a: no special abilities


You were on level 1 of the Dungeon.
You visited 1 branch of the dungeon, and saw 1 of its levels.

You collected 28 gold pieces.


Innate Abilities, Weirdness & Mutations

You are immune to sickness and miasma.
Your stone body is resilient. (AC +2)
You are immune to poison.
You resist negative energy. (rN+)
You are resistant to electric shocks. (rElec)
You are resistant to unholy torment.
You are immune to petrification.


   Skills:
 - Level 3.2 Fighting
 + Level 2.8 Axes
 - Level 3.2 Armour
 - Level 3.2 Shields


You had one spell level left.
You didn't know any spells.
Your spell library was empty.

Inventory:

Hand Weapons
 a - a +0 war axe (weapon)
 g - a +0 mace
Armour
 b - a +0 scale mail (worn)
 c - a +0 buckler (worn)
 i - a +0 plate armour
Scrolls
 e - a scroll of teleportation {unknown}
Potions
 d - a potion of might
 f - a potion of flight {unknown}
 h - a potion of mutation {unknown}
 j - a potion of magic {unknown}

Dungeon Overview and Level Annotations

Branches:
Dungeon (1/15)

Altars:


Message History

You miss the kobold. You barely miss the ball python.
You hit the giant cockroach but do no damage.
The jackal bites you but does no damage.
The giant cockroach barely misses you. The ball python closely misses you.
You block the ball python's attack.
The jackal bites you but does no damage.
The kobold barely misses you.
The giant cockroach bites you but does no damage.
The ball python closely misses you. x2
You hit the jackal.
You kill the jackal!
You closely miss the giant cockroach. You closely miss the kobold.
You closely miss the ball python. The giant cockroach closely misses you.
The ball python barely misses you. The ball python closely misses you.
The kobold hits you but does no damage. The giant cockroach barely misses you.
The ball python bites you but does no damage.
The ball python closely misses you.
You hit the ball python.
You kill the ball python!
You closely miss the giant cockroach. You closely miss the kobold.
The kobold hits you but does no damage. The giant cockroach closely misses you.
The endoplasm freezes you.
You are frozen.
You block the kobold's attack.
The giant cockroach bites you but does no damage.
You hit the giant cockroach but do no damage.
You miss the kobold. You hit the endoplasm but do no damage.
The kobold hits you with a +0 short sword.
The endoplasm freezes you.
You are frozen.
The giant cockroach bites you but does no damage.
You hit the giant cockroach.
The giant cockroach is almost dead.
You hit the endoplasm. You hit the kobold but do no damage.
You block the giant cockroach's attack.
The kobold hits you with a +0 short sword.
The endoplasm barely misses you. The giant cockroach misses you.
The endoplasm hits you but does no damage.
The kobold hits you with a +0 short sword.
You die...

.# . .# . ## .# .# # ##
##. .##.#.# ### ##.. ..
..... #.#####..##
.####(.. .###.##...#
#.#.BK#
PP..###.#.###.##@.#
P...##....#.[8.%#J#
.P.PPP#.#..##)###.#
...P.P#.#...#.# ..
.PP...#.#.####. #..
P...##....# .. ...
....#............ ....
.###.#...#..###.###....
#.##.......## .#


You could see an endoplasm, a giant cockroach and a kobold.

Vanquished Creatures
  2 ball pythons (D:1)
  5 endoplasms (D:1)
  A goblin (D:1)
  A hobgoblin (D:1)
  A jackal (D:1)
  A bat (D:1)
  2 frilled lizards (D:1)
  A rat (D:1)
14 creatures vanquished.

Vanquished Creatures (others)
  6 demonic plants (D:1)
  2 fungi (D:1)
  3 plants (D:1)
  2 withered plants (D:1)
13 creatures vanquished.

Grand Total: 27 creatures vanquished

Notes
Turn   | Place    | Note
-------+----------+-------------------------------------------
     0 | D:1      | qw the Gargoyle Fighter began the quest for the Orb.
     0 | D:1      | Reached XP level 1. HP: 14/14 MP: 1/1
     0 | D:1      | 0 ||| qw: Version: 0.2-a-12-gaebbb33
     0 | D:1      | 0 ||| qw: Game counter: 827
     0 | D:1      | 0 ||| qw: Always use a shield: true
     0 | D:1      | 0 ||| qw: God list: Okawaru
     0 | D:1      | 0 ||| qw: Allow faded altars: false
     0 | D:1      | 0 ||| qw: Do Orc after D:15 true
     0 | D:1      | 0 ||| qw: Do second Lair branch before Depths: true
     0 | D:1      | 0 ||| qw: Lair rune preference: random
     0 | D:1      | 0 ||| qw: Plans: Normal, Zot:1-4, God:TSO, Crypt, Tomb,
                  | Pan, Slime:5, Hells, Abyss, Orb
     0 | D:1      | 0 ||| PLANNING D:1-11
   153 | D:1      | HP: 3/14 [frozen (3)]
   496 | D:1      | Found a faded altar of an unknown god.
   504 | D:1      | Reached XP level 2. HP: 19/19 MP: 2/2
   516 | D:1      | 516 ||| Stepping ~*~*~tactically~*~*~ (stealth).
   654 | D:1      | HP: 4/19 [frozen (5)]
   655 | D:1      | Slain by a kobold

Levels and vault maps discovered:
D:1:      tarquinn_simple_flora_water_f, layout_loops_corners,
          shapermc_ecumenical_altar_gd, minmay_octomino_j4

Skill      XL: |  1 |
---------------+----+-----
Axes           | 2 |  2.8
Fighting       | |  3.2
Armour         | |  3.2
Shields        | |  3.2

Action                   || total
-------------------------++-------
Melee: War axe           ||    40
Armor: Scale mail        ||    27
Dodge: Dodged            ||    28
Block: Buckler           ||    11

Table legend:
 A = Non-vault XP
 B = Vault XP
 C = Vault XP percentage of total XP
 D = Non-vault monster count
 E = Vault monster count
 F = Vault count percentage of total count
                 A         B        C        D         E       F
            +---------+---------+-------+---------+---------+-------
      Total |      17 |       6 |  26.1 |      11 |       3 |  21.4
            +---------+---------+-------+---------+---------+-------
        D:1 |      17 |       6 |  26.1 |      11 |       3 |  21.4
            +---------+---------+-------+---------+---------+-------
